3R
GIBTOWN ELEPHANTS @ AMARILLO SUBMARINOS
09/14/2034
 
TOP OF THE 1ST
Gibtown Elephants batting - Pitching for Amarillo Submarinos : RHP Harry Golden
Pitching: RHP Harry Golden
Batting: RHB Francis Raffone 0-0: Called Strike
0-1: Ball
1-1: Ball
2-1: Foul Ball, location: 2F
2-2: Foul Ball, location: 2F
2-2: Foul Ball, location: 2F
2-2: Strikes out swinging
Batting: SHB Wren Driscoll 0-0: Called Strike
0-1: Fly out, F7 (Flyball, 78M)
Batting: RHB Carsello Scruggins 0-0: Called Strike
0-1: Swinging Strike
0-2: Ball
1-2: Strikes out swinging
Top of the 1st over - 0 runs, 0 hits, 0 errors, 0 left on base; Gibtown 0 - Amarillo 0
BOTTOM OF THE 1ST
Amarillo Submarinos batting - Pitching for Gibtown Elephants : LHP Taro Kishita
Pitching: LHP Taro Kishita
Batting: LHB António Muńóz 0-0: Ball
1-0: Foul Ball, location: 2F
1-1: Foul Ball, location: 2F
1-2: Ball
2-2: Ball
3-2: SINGLE (Flyball, 9S)
Batting: RHB Bob Grant 0-0: Called Strike
0-1: Ball
1-1: Foul Ball, location: 2F
1-2: Ball
2-2: Ball
3-2: Fly out, F9 (Flyball, 9S)
Batting: LHB Lawrence Perry 0-0: Ball
António Muńóz is caught stealing 2nd base
1-0: Ground out 4-3 (Groundball, 4)
Bottom of the 1st over - 0 runs, 1 hit, 0 errors, 0 left on base; Gibtown 0 - Amarillo 0
TOP OF THE 2ND
Gibtown Elephants batting - Pitching for Amarillo Submarinos : RHP Harry Golden
Batting: LHB José Ocasio 0-0: Called Strike
0-1: Ball
1-1: SINGLE (Groundball, 4MD)
Batting: RHB Don Parker 0-0: DOUBLE (Line Drive, 7LD)
José Ocasio to third
Batting: RHB Luis Romero 0-0: Foul Ball, location: 2F
0-1: Called Strike
0-2: Strikes out swinging
Batting: RHB Lawrence O'Neal 0-0: Ball
1-0: Ground out 3-1 (Groundball, 34)
José Ocasio scores
Don Parker to third
Batting: RHB Ramón Pinamango 0-0: Ball
1-0: Foul Ball, location: 2F
1-1: Called Strike
1-2: Ball
2-2: Strikes out looking
Top of the 2nd over - 1 run, 2 hits, 0 errors, 1 left on base; Gibtown 1 - Amarillo 0
BOTTOM OF THE 2ND
Amarillo Submarinos batting - Pitching for Gibtown Elephants : LHP Taro Kishita
Batting: RHB Jun-soo Yi 0-0: Ground out 6-3 (Groundball, 56)
Batting: RHB Micah Nelson 0-0: Called Strike
0-1: Ball
1-1: Called Strike
1-2: Ball
2-2: Ground out 6-3 (Groundball, 56D)
Batting: RHB Roger Snodgrass 0-0: Foul Ball, location: 2F
0-1: Ball
1-1: Fly out, F7 (Flyball, 7S)
Bottom of the 2nd over - 0 runs, 0 hits, 0 errors, 0 left on base; Gibtown 1 - Amarillo 0
TOP OF THE 3RD
Gibtown Elephants batting - Pitching for Amarillo Submarinos : RHP Harry Golden
Batting: RHB Emerson O'Drunen 0-0: Ball
1-0: Ball
2-0: Swinging Strike
2-1: Ground out 6-3 (Groundball, 6M)
Batting: RHB Francis Raffone 0-0: Ball
1-0: Foul Ball, location: 2F
1-1: Ball
2-1: Foul Ball, location: 2F
2-2: Ball
3-2: DOUBLE (Flyball, 8RD)
Batting: SHB Wren Driscoll 0-0: Called Strike
0-1: Ground out 4-3 (Groundball, 4S)
Francis Raffone to third
Batting: RHB Carsello Scruggins 0-0: Foul Ball, location: 2F
0-1: Ball
1-1: Ball
2-1: Foul Ball, location: 2F
2-2: Foul Ball, location: 2F
2-2: Ball
3-2: Strikes out looking
Top of the 3rd over - 0 runs, 1 hit, 0 errors, 1 left on base; Gibtown 1 - Amarillo 0
BOTTOM OF THE 3RD
Amarillo Submarinos batting - Pitching for Gibtown Elephants : LHP Taro Kishita
Batting: RHB Enrique De La Rosa 0-0: Called Strike
0-1: Ground out 6-3 (Groundball, 6)
Batting: LHB Tso-lin Shuo 0-0: Called Strike
0-1: Fly out, F8 (Flyball, 8RS)
Batting: RHB Pedro Pérez 0-0: Foul Ball, location: 2F
0-1: Ground out 3-1 (Groundball, 34S)
Bottom of the 3rd over - 0 runs, 0 hits, 0 errors, 0 left on base; Gibtown 1 - Amarillo 0
TOP OF THE 4TH
Gibtown Elephants batting - Pitching for Amarillo Submarinos : RHP Harry Golden
Batting: LHB José Ocasio 0-0: Ball
1-0: Ball
2-0: Called Strike
2-1: Foul Ball, location: 2F
2-2: SINGLE (Flyball, 78S)
Batting: RHB Don Parker 0-0: Called Strike
0-1: Foul Ball, location: 2F
0-2: Strikes out swinging
Batting: RHB Luis Romero Pickoff Throw to First - Out!
0-0: Ball
1-0: Called Strike
1-1: DOUBLE (Line Drive, 8RD)
Batting: RHB Lawrence O'Neal 0-0: Ball
1-0: Called Strike
1-1: Ball
2-1: 2-RUN HOME RUN (Flyball, 7LD), Distance : 350 ft
Batting: RHB Ramón Pinamango 0-0: Called Strike
0-1: Ball
1-1: Ball
2-1: Ground out 4-3 (Groundball, 4)
Top of the 4th over - 2 runs, 3 hits, 0 errors, 0 left on base; Gibtown 3 - Amarillo 0
BOTTOM OF THE 4TH
Amarillo Submarinos batting - Pitching for Gibtown Elephants : LHP Taro Kishita
Batting: LHB António Muńóz 0-0: Called Strike
0-1: Foul Ball, location: 2F
0-2: Ball
1-2: Ball
2-2: Ball
3-2: Ground out 6-3 (Groundball, 6)
Batting: RHB Bob Grant 0-0: Called Strike
0-1: Fly out, F3 (Popup, 23F)
Batting: LHB Lawrence Perry 0-0: Ball
1-0: Ball
2-0: Foul Ball, location: 2F
2-1: Called Strike
2-2: Foul Ball, location: 2F
2-2: Ball
3-2: Foul Ball, location: 2F
3-2: Strikes out swinging
Bottom of the 4th over - 0 runs, 0 hits, 0 errors, 0 left on base; Gibtown 3 - Amarillo 0
TOP OF THE 5TH
Gibtown Elephants batting - Pitching for Amarillo Submarinos : RHP Harry Golden
Batting: RHB Emerson O'Drunen 0-0: Called Strike
0-1: Ball
1-1: Called Strike
1-2: Foul Ball, location: 2F
1-2: Fly out, F8 (Flyball, 8RS)
Batting: RHB Francis Raffone 0-0: Called Strike
0-1: Ball
1-1: Ball
2-1: Called Strike
2-2: Foul Ball, location: 2F
2-2: Strikes out swinging
Batting: SHB Wren Driscoll 0-0: Ball
1-0: Ball
2-0: Foul Ball, location: 2F
2-1: Ball
3-1: Called Strike
3-2: Fly out, F8 (Line Drive, 89D)
Top of the 5th over - 0 runs, 0 hits, 0 errors, 0 left on base; Gibtown 3 - Amarillo 0
BOTTOM OF THE 5TH
Amarillo Submarinos batting - Pitching for Gibtown Elephants : LHP Taro Kishita
Batting: RHB Jun-soo Yi 0-0: Called Strike
0-1: Foul Ball, location: 2F
0-2: Ball
1-2: Ground out 4-3 (Groundball, 4)
Batting: RHB Micah Nelson 0-0: Ball
1-0: Ball
2-0: Ball
3-0: Called Strike
3-1: Base on Balls
Batting: RHB Roger Snodgrass 0-0: Swinging Strike
0-1: Foul Ball, location: 2F
0-2: Ball
1-2: Ball
2-2: Ball
3-2: Fly out, F9 (Flyball, 89M)
Batting: RHB Enrique De La Rosa 0-0: Ball
Throwing error on steal attempt, E2
Micah Nelson to third
1-0: Ball
2-0: Ball
3-0: Base on Balls
Batting: LHB Tso-lin Shuo 0-0: Called Strike
0-1: Ball
1-1: Called Strike
1-2: Ground out 5-3 (Groundball, 56S)
Bottom of the 5th over - 0 runs, 0 hits, 1 error, 2 left on base; Gibtown 3 - Amarillo 0
TOP OF THE 6TH
Gibtown Elephants batting - Pitching for Amarillo Submarinos : RHP Harry Golden
Batting: RHB Carsello Scruggins 0-0: SOLO HOME RUN (Flyball, 7D), Distance : 388 ft
Batting: LHB José Ocasio 0-0: Foul Ball, location: 2F
0-1: Ball
1-1: SINGLE (Groundball, 3D)
Batting: RHB Don Parker 0-0: Called Strike
0-1: Grounds into double play, 6-4-3 (Groundball, 6)
Batting: RHB Luis Romero 0-0: Ball
1-0: Ground out 5-3 (Groundball, 56S)
Top of the 6th over - 1 run, 2 hits, 0 errors, 0 left on base; Gibtown 4 - Amarillo 0
BOTTOM OF THE 6TH
Amarillo Submarinos batting - Pitching for Gibtown Elephants : LHP Taro Kishita
Batting: RHB Pedro Pérez 0-0: Foul Ball, location: 2F
0-1: Ball
1-1: Ball
2-1: SINGLE (Groundball, 56D)
Batting: LHB António Muńóz 0-0: Swinging Strike
0-1: SINGLE (Flyball, 7S)
Pedro Pérez to second
Batting: RHB Bob Grant 0-0: Ball
1-0: Swinging Strike
1-1: Ball
2-1: Fielders Choice at 2nd, 2-4 (Groundball, 2L)
Pedro Pérez to third
Batting: LHB Lawrence Perry 0-0: Ball
Bob Grant steals 2nd base
1-0: Foul Ball, location: 2F
1-1: Called Strike
1-2: Ball
2-2: Foul Ball, location: 2F
2-2: SINGLE (Groundball, 34D)
Pedro Pérez scores
Bob Grant to third
Runner from 3rd tries for Home, SAFE, no throw
Batting: RHB Jun-soo Yi 0-0: Called Strike
0-1: Ball
1-1: Ball
2-1: Ball
3-1: DOUBLE (Line Drive, 7LM)
Lawrence Perry to third
Runner from 3rd tries for Home, SAFE, no throw
Batting: RHB Micah Nelson 0-0: Called Strike
0-1: Foul Ball, location: 2F
0-2: Ground out 1-3 (Groundball, 13S)
Jun-soo Yi to third
Pitching: RHP Michael White
Batting: RHB Roger Snodgrass 0-0: Fly out, F8 (Line Drive, 89M)
Bottom of the 6th over - 3 runs, 4 hits, 0 errors, 1 left on base; Gibtown 4 - Amarillo 3
TOP OF THE 7TH
Gibtown Elephants batting - Pitching for Amarillo Submarinos : RHP Harry Golden
Pitching: RHP Tomoyuki Suzuki
Batting: RHB Lawrence O'Neal 0-0: Ball
1-0: Called Strike
1-1: Swinging Strike
1-2: Strikes out looking
Batting: RHB Ramón Pinamango 0-0: DOUBLE (Line Drive, 7LD)
Batting: RHB Emerson O'Drunen 0-0: Ball
1-0: Called Strike
1-1: Ball
2-1: Foul Ball, location: 2F
2-2: Foul Ball, location: 2F
2-2: Strikes out swinging
Batting: RHB Francis Raffone 0-0: Ball
1-0: Ball
2-0: Foul Ball, location: 2F
2-1: Foul Ball, location: 2F
2-2: Strikes out swinging
Top of the 7th over - 0 runs, 1 hit, 0 errors, 1 left on base; Gibtown 4 - Amarillo 3
BOTTOM OF THE 7TH
Amarillo Submarinos batting - Pitching for Gibtown Elephants : RHP Michael White
Batting: RHB Enrique De La Rosa 0-0: Ball
1-0: Called Strike
1-1: Ball
2-1: Called Strike
2-2: Foul Ball, location: 2F
2-2: Ball
3-2: Strikes out swinging
Batting: LHB Tso-lin Shuo 0-0: Ground out U3 (Groundball, 34)
Batting: RHB Pedro Pérez 0-0: Ball
1-0: Called Strike
1-1: Ball
2-1: Ball
3-1: SINGLE (Line Drive, 8LS)
Batting: LHB António Muńóz 0-0: Ball
1-0: Swinging Strike
1-1: Foul Ball, location: 2F
1-2: Fly out, F9 (Line Drive, 89S)
Bottom of the 7th over - 0 runs, 1 hit, 0 errors, 1 left on base; Gibtown 4 - Amarillo 3
TOP OF THE 8TH
Gibtown Elephants batting - Pitching for Amarillo Submarinos : RHP Tomoyuki Suzuki
Batting: SHB Wren Driscoll 0-0: Ball
1-0: Called Strike
1-1: Ball
2-1: SINGLE (Groundball, 34D)
Batting: RHB Carsello Scruggins 0-0: Swinging Strike
Passed Ball!
Wren Driscoll to second
0-1: Called Strike
0-2: Ball
1-2: Ball
2-2: DOUBLE (Flyball, 89D)
Wren Driscoll scores
Batting: LHB José Ocasio 0-0: Intentional Walk
Batting: RHB Don Parker 0-0: Ball
1-0: Called Strike
1-1: Foul Ball, location: 2F
1-2: Ball
2-2: Ball
3-2: Fly out, F7 (Flyball, 7)
Batting: RHB Luis Romero 0-0: Ball
1-0: Called Strike
1-1: Ball
2-1: DOUBLE (Line Drive, 7D)
Carsello Scruggins scores
José Ocasio to third
Batting: RHB Lawrence O'Neal 0-0: Intentional Walk
Pitching: RHP Harta Wibawa Chandra
Batting: RHB Ramón Pinamango 0-0: Called Strike
0-1: Foul Ball, location: 2F
0-2: Strikes out swinging
Batting: RHB Emerson O'Drunen 0-0: Ball
1-0: Ball
2-0: Foul Ball, location: 2F
2-1: Ball
3-1: Base on Balls
José Ocasio scores
Luis Romero to third
Lawrence O'Neal to second
Batting: RHB Francis Raffone 0-0: Foul Ball, location: 2F
0-1: GRAND SLAM HOME RUN (Flyball, 7LD), Distance : 339 ft
Batting: SHB Wren Driscoll 0-0: Ball
1-0: Foul Ball, location: 2F
1-1: Ball
2-1: Called Strike
2-2: Strikes out swinging
Top of the 8th over - 7 runs, 4 hits, 0 errors, 0 left on base; Gibtown 11 - Amarillo 3
BOTTOM OF THE 8TH
Amarillo Submarinos batting - Pitching for Gibtown Elephants : RHP Michael White
Now at C: Armando Ortega
Now at 3B: Pu-feng Zhou
Now in RF: Cédric Causse
Batting: RHB Bob Grant 0-0: Foul Ball, location: 2F
0-1: Foul Ball, location: 2F
0-2: Ground out 6-3 (Groundball, 6M)
Batting: LHB Lawrence Perry 0-0: Ball
1-0: Ball
2-0: Ball
3-0: Called Strike
3-1: Foul Ball, location: 2F
3-2: Base on Balls
Batting: RHB Jun-soo Yi 0-0: Ball
1-0: Swinging Strike
1-1: Foul Ball, location: 2F
1-2: Strikes out swinging
Batting: RHB Micah Nelson 0-0: Ball
1-0: Ground out 4-3 (Groundball, 4)
Bottom of the 8th over - 0 runs, 0 hits, 0 errors, 1 left on base; Gibtown 11 - Amarillo 3
TOP OF THE 9TH
Gibtown Elephants batting - Pitching for Amarillo Submarinos : RHP Harta Wibawa Chandra
Batting: RHB Carsello Scruggins 0-0: Ball
1-0: Called Strike
1-1: Foul Ball, location: 2F
1-2: Strikes out swinging
Batting: LHB José Ocasio 0-0: Ball
1-0: Ball
2-0: Ball
3-0: Base on Balls
Batting: RHB Don Parker 0-0: Swinging Strike
0-1: Called Strike
0-2: Ball
1-2: Foul Ball, location: 2F
1-2: Foul Ball, location: 2F
1-2: Foul Ball, location: 2F
1-2: Ball
2-2: Fly out, F7 (Flyball, 7S)
Batting: RHB Luis Romero 0-0: Foul Ball, location: 2F
0-1: Ball
1-1: Called Strike
1-2: Ball
2-2: Ball
3-2: Ground out 5-3 (Groundball, 56S)
Top of the 9th over - 0 runs, 0 hits, 0 errors, 1 left on base; Gibtown 11 - Amarillo 3
BOTTOM OF THE 9TH
Amarillo Submarinos batting - Pitching for Gibtown Elephants : RHP Michael White
Now at 2B: Min-ho Yun
Batting: RHB Roger Snodgrass 0-0: Ball
1-0: Ball
2-0: Ball
3-0: Base on Balls
Batting: RHB Enrique De La Rosa 0-0: Called Strike
0-1: Ball
1-1: Ball
2-1: Fly out, F8 (Line Drive, 8LD)
Batting: LHB Tso-lin Shuo 0-0: Ball
1-0: Called Strike
1-1: Ball
2-1: Foul Ball, location: 2F
2-2: Strikes out swinging
Batting: RHB Pedro Pérez 0-0: Ball
1-0: Fly out, F9 (Flyball, 9)
Bottom of the 9th over - 0 runs, 0 hits, 0 errors, 1 left on base; Gibtown 11 - Amarillo 3
Friday, March 29th, 2019 - OOTP Baseball 18.8 Build 76